cohdb
Replays
Latest Replays
All Replays
Popular Replays
Top Player Replays
Match Explorer
How It Works
Community
CoH3 Stats
Reddit
Sign in to upload your games and track your stats! →
Sign in with Steam
Match 47417964
Unlisted
Match 47417964
Overview
Messages
Build Orders
End
Selects Australian Defense Battlegroup
Selects Australian Light Infantry Section
Australian Light Infantry Section
Royal Engineer Section
Construct Section Command Post
Dingo Light Scout Car
Australian Light Infantry Section
Construct Platoon Command Post
Humber Armored Car
Selects 2-pounder Anti-tank Gun Team
Humber Armored Car
Light Vehicle Training
Infantry Training
Construct Company Command Post
Selects CMP 15cwt Supply Run
CMP 15cwt Supply Run
PIGEONS ARE FBI DRONES
Bananenratte
Moree
Yngvi
0
0
Comments
sign in to comment!
No comments posted yet!